 Dungeon Crawl Stone Soup version 0.29.1-2-gbd0b4ee654 (webtiles) character file.

Game seed: 155696479829203228

18 DominarK the Cudgeller (level 2, -1/29 HPs)
             Began as a Troll Berserker on Dec 1, 2022.
             Was a Follower of Trog.
             Slain by Terence
             ... wielding a +0 short sword
              (5 damage)
             ... on level 2 of the Dungeon.
             The game lasted 00:03:38 (383 turns).

DominarK the Cudgeller (Troll Berserker)             Turns: 383, Time: 00:03:38

Health: -1/29      AC:  4    Str: 24    XL:     2   Next: 51%
Magic:  1/1        EV: 10    Int:  3    God:    Trog [*.....]
Gold:   13         SH:  0    Dex:  9    Spells: 1/1 levels left

rFire   . . .      SeeInvis .   a - +0 mace
rCold   . . .      Faith    .   (no shield)
rNeg    . . .      Spirit   .   b - +0 animal skin
rPois   .          Reflect  .   (helmet restricted)
rElec   .          Harm     .   (no cloak)
rCorr   .          Rampage  .   (gloves unavailable)
Will    .....                   (boots unavailable)
Stlth   +.........              (no amulet)
HPRegen 0.89/turn               (no ring)
MPRegen 0.07/turn               (no ring)

@: no status effects
A: large, unfitting armour, claws 3, regeneration 1, shaggy fur 1, tough skin 1
a: Renounce Religion, Berserk


You were on level 2 of the Dungeon.
You worshipped Trog.
Trog was aware of your devotion.
You visited 1 branch of the dungeon, and saw 2 of its levels.

You collected 13 gold pieces.

Inventory:

Hand Weapons
 a - a +0 mace (weapon)
Armour
 b - a +0 animal skin (worn)
 c - a +0 barding


   Skills:
 + Level 2.7 Fighting
 + Level 3.1 Maces & Flails
 + Level 2.6 Dodging


You had one spell level left.
You didn't know any spells.
Your spell library contained the following spells:

 Spells                   Type           Power      Damage    Failure   Level
 Static Discharge         Conj/Air       0%         3-3/arc   67%         2
 Lightning Bolt           Conj/Air       0%         1d11      100%        5
 Maxwell's Capacitive Co  Air            0%         ∞         100%        8


Dungeon Overview and Level Annotations

Branches:
Dungeon (2/15)

Altars:

Annotations:
D:2 Terence


Innate Abilities, Weirdness & Mutations

You are too large for most types of armour.
You have claws for hands.
Your natural rate of healing is unusually fast.
You are covered in fur. (AC +1)
You have tough skin. (AC +1)


Message History

Terence is heavily wounded.
Terence closely misses you.
You hit Terence.
Terence is severely wounded.
Terence says, "Did you write a will?
You should..."
Terence hits you with a +0 short sword.
* * * LOW HITPOINT WARNING * * *
Unknown command.
Terence attacks as you move away! Terence closely misses you.
Terence attacks as you move away! Terence barely misses you.
Terence attacks as you move away! Terence barely misses you.
You barely miss Terence.
Terence is heavily wounded.
Terence hits you with a +0 short sword.
* * * LOW HITPOINT WARNING * * *
Unknown command.
You closely miss Terence.
Terence is heavily wounded.
An adder comes into view.
Terence hits you with a +0 short sword.
* * * LOW HITPOINT WARNING * * *
Unknown command.
The adder hisses angrily.
You hit Terence.
Terence is severely wounded.
Terence says, "Time to say good-bye..."
Terence hits you with a +0 short sword.
* * * LOW HITPOINT WARNING * * *
Terence hits you with a +0 short sword.
* * * LOW HITPOINT WARNING * * *
You hit Terence but do no damage.
Terence is severely wounded.
Terence closely misses you.
You hit Terence.
Terence is almost dead.
Terence misses you.
You hit Terence but do no damage.
Terence is almost dead.
Terence hits you with a +0 short sword.
You die...

...#+#.......<.........
# +.#............... #
#.............#...
#..#............:..#
#.#..............#
#...............#..
###.#...#........#$
#...####........#
#..S@@...###.....
#....#####..# .#.#
....... ...... .(.
...#..# ###........
.....## ...... . .
...... ...... ...♣♣


You could see Terence and an adder.

Vanquished Creatures
  A dart slug (D:1)
  An endoplasm (D:2)
  A giant cockroach (D:1)
  2 goblins (D:1)
  2 hobgoblins (D:1)
  A quokka (D:1)
  2 ball pythons (D:1)
  A frilled lizard (D:1)
  2 kobolds (D:1)
  2 rats
15 creatures vanquished.

Notes
Turn   | Place    | Note
-------+----------+-------------------------------------------
     0 | D:1      | DominarK the Troll Berserker began the quest for the Orb.
     0 | D:1      | Reached XP level 1. HP: 22/22 MP: 0/0
    27 | D:1      | Found a faded altar of an unknown god.
   159 | D:1      | Reached skill level 3 in Maces & Flails
   159 | D:1      | Reached XP level 2. HP: 24/29 MP: 1/1
   344 | D:2      | Noticed Terence
   380 | D:2      | HP: 1/29 [Terence/+0 short sword (4)]
   383 | D:2      | Slain by Terence

Illustrated notes

Levels and vault maps discovered:
D:1:      dpeg_arrival_shrine, layout_basic, nicolae_ecumenical_snake_handling,
          minmay_misc_feat_ornament, hangedman_feature_mirror
D:2:      layout_rooms, serial_shops, nicolae_lakefront_shop,
          nicolae_diamond_shop, nicolae_shop_behind_doors, shop,
          minmay_misc_feat_rows, minmay_stone_trees_small, hex_large,
          uniq_natasha, uniq_sigmund, uniq_crazy_yiuf_cottage, uniq_terence

Skill      XL: |  1 |
---------------+----+-----
Maces & Flails | 3 |  3.1
Fighting       | |  2.7
Dodging        | |  2.6

Action                   || total
-------------------------++-------
Melee: Mace              ||    63
       Punch             ||     1
  Use: Scroll            ||     2
Armor: Animal skin       ||    10
Dodge: Dodged            ||    45
